 Dungeon Crawl Stone Soup version 0.28-a0-1429-gf3d713df7a (webtiles) character file.

Game seed: 14591878728625445155

835 HallandMoats the Skirmisher (level 7, -1/61 HPs)
             Began as a Ghoul Fighter on Jan 9, 2022.
             Was a Follower of Makhleb.
             Slain by a sky beast (2 damage)
             ... on level 4 of the Dungeon.
             The game lasted 00:05:29 (4615 turns).

HallandMoats the Skirmisher (Ghoul Fighter)         Turns: 4615, Time: 00:05:29

Health: -1/61      AC:  9    Str: 18    XL:     7   Next: 99%
Magic:  8/8        EV: 10    Int:  5    God:    Makhleb [*.....]
Gold:   193        SH:  0    Dex:  8    Spells: 6/6 levels left

rFire   . . .      SeeInvis .   b - +3 quarterstaff "Ziafaf" {flame, rElec rC++ rCorr Str-2}
rCold   + + +      Faith    .   (shield currently unavailable)
rNeg    + + +      Spirit   .   q - +0 scale mail
rPois   ∞          Reflect  .   (no helmet)
rElec   +          Harm     .   (no cloak)
rCorr   +          Rampage  .   d - +0 pair of gloves
Will    .....                   g - +0 pair of boots
Stlth   ..........              (no amulet)
HPRegen 0.00/turn               (no ring)
MPRegen 0.11/turn               (no ring)

@: brilliant, inhibited regen
A: claws 1, cold resistance 1, negative energy resistance 3, inhibited
regeneration, torment resistance 2
a: Renounce Religion


You were on level 4 of the Dungeon.
You worshipped Makhleb.
Makhleb was aware of your devotion.
You visited 2 branches of the dungeon, and saw 6 of its levels.

You collected 193 gold pieces.

Inventory:

Hand Weapons
 a - a +0 flail
 b - the +3 quarterstaff "Ziafaf" (weapon) {flame, rElec rC++ rCorr Str-2}
   (You found it on level 3 of the Dungeon)

   It burns those it strikes, dealing additional fire damage.
   Str:       It affects your strength (-2).
   rC:        It greatly protects you from cold.
   rElec:     It insulates you from electricity.
   rCorr:     It protects you from acid and corrosion.
Armour
 c - a +0 buckler
 d - a +0 pair of gloves (worn)
 g - a +0 pair of boots (worn)
 q - a +0 scale mail (worn)
Jewellery
 s - an amulet of guardian spirit
Scrolls
 e - 4 scrolls of identify {unknown}
 i - a scroll of magic mapping {unknown}
 k - a scroll of noise {unknown}
 m - 2 scrolls of teleportation {unknown}
 n - a scroll of acquirement {unknown}
 p - a scroll of vulnerability {unknown}
 r - a scroll of amnesia {unknown}
 u - a scroll of blinking {unknown}
Potions
 f - a potion of cancellation {unknown}
 h - a potion of heal wounds {unknown}
 j - a potion of brilliance
 l - a potion of lignification {unknown}
 o - a potion of mutation {unknown}
 t - a potion of curing {unknown}


   Skills:
 + Level 5.1 Fighting
 + Level 3.5 Maces & Flails
 + Level 4.1 Armour
 + Level 2.8 Dodging
 - Level 4.3 Shields
 * Level 3.4 Invocations


You had 6 spell levels left.
You didn't know any spells.
Your spell library contained the following spells:

 Spells                   Type           Power      Damage    Failure   Level
 Animate Skeleton         Necr           0%         N/A       85%         1
 Apportation              Tloc           0%         N/A       85%         1
 Summon Small Mammal      Summ           0%         N/A       85%         1
 Blink                    Tloc           0%         N/A       94%         2
 Ignite Poison            Fire/Tmut/Pois 0%         N/A       99%         3
 Mephitic Cloud           Conj/Pois/Air  0%         N/A       99%         3
 Freezing Cloud           Conj/Ice/Air   0%         6-21      100%        5
 Manifold Assault         Tloc           0%         N/A       100%        5
 Storm Form               Tmut/Air       Unusable   N/A       N/A         7

Dungeon Overview and Level Annotations

Branches:
Dungeon (5/15)             Temple (1/1) D:4

Altars:
Cheibriados
Dithmenos
Elyvilon
Fedhas
Gozag
Hepliaklqana
Kikubaaqudgha
Makhleb
Okawaru
Trog
Wu Jian
Xom
Zin
Jiyva


Innate Abilities, Weirdness & Mutations

You thrive by killing the living.
You are immune to poison.
You have sharp fingernails.
Your flesh is cold resistant. (rC+)
You are immune to negative energy. (rN+++)
You do not regenerate when monsters are visible.
You are immune to unholy pain and torment.


Message History

You kill the orc!
Makhleb accepts your kill.
You feel better.
The centaur shoots an arrow.
The arrow hits you.
The centaur shoots an arrow.
The arrow barely misses you. The adder misses you.
You barely miss the adder.
The centaur shoots an arrow.
The arrow hits you but does no damage. The adder closely misses you.
The centaur shoots an arrow.
The arrow hits you!
You barely miss the adder.
The centaur shoots an arrow.
The arrow hits you! The adder bites you but does no damage.
The adder bites you.
You are too injured to fight recklessly!
The centaur shoots an arrow.
The arrow hits you.
The centaur shoots an arrow.
The arrow hits you.
The centaur shoots an arrow.
The arrow hits you.
* * * LOW HITPOINT WARNING * * *
The adder barely misses you.
The scorpion zombie hits you but does no damage.
The sky beast hits you but does no damage.
The adder completely misses you.
There is a stone staircase leading up here.
The adder bites you.
* * * LOW HITPOINT WARNING * * *
The sky beast hits you.
* * * LOW HITPOINT WARNING * * *
The sky beast shocks you. You resist.
* * * LOW HITPOINT WARNING * * *
The centaur shoots an arrow.
The arrow hits you.
* * * LOW HITPOINT WARNING * * *
The adder misses you.
You climb upwards.
There is a stone staircase leading down here.
It was a potion of brilliance.
You feel clever all of a sudden.
The sky beast hits you but does no damage.
The adder misses you.
The sky beast flickers out of sight!
Deactivating autopickup; reactivate with Ctrl-A.
Something hits you.
* * * LOW HITPOINT WARNING * * *
Something shocks you. You resist.
You die...

###.....................
#.....##...............
###....###..#########.#
##......#..#.........##
##..........#.§§≈≈≈≈≈.##
#...........#≈.§≈§≈..≈#.
#....>......#≈§§§§.§.≈#.
##........{.#≈§≈§_.≈.≈#.
##...)@.{..#≈§§§..≈.≈#.
##...S>...#≈..≈≈§..≈##
#........#.§≈≈≈§≈§.##
#...)....#.........#.
###....###..#########..
##......####..###>..####
#....##..# #.......## #
#...##...###....#..### #
#####..##.....#....##...#
#


You could see an adder.

Vanquished Creatures
  Grinder (D:3)
  2 ogres (D:4)
  A kobold brigand (D:4)
  A scorpion (D:4)
  A water moccasin skeleton (D:4)
  A centaur zombie (D:4)
  A hound (D:4)
  A centaur skeleton (D:4)
  Jessica (D:3)
  6 adders
  3 worms
  5 dart slugs
  5 orcs
  6 ball pythons
  7 bats
  4 endoplasms
  8 giant cockroaches
  8 goblins
  2 hobgoblins (D:2)
  4 jackals (D:3)
  22 kobolds
  4 quokkas
  4 frilled lizards
  2 rats (D:2)
100 creatures vanquished.

Vanquished Creatures (others)
  32 plants (D:4)
32 creatures vanquished.

Grand Total: 132 creatures vanquished

Notes
Turn   | Place    | Note
-------+----------+-------------------------------------------
     0 | D:1      | HallandMoats the Ghoul Fighter began the quest for the Orb.
     0 | D:1      | Reached XP level 1. HP: 19/19 MP: 0/0
    66 | D:1      | Found a faded altar of an unknown god.
   189 | D:1      | Reached XP level 2. HP: 26/26 MP: 1/1
  1109 | D:2      | Reached XP level 3. HP: 29/31 MP: 2/2
  1964 | D:2      | Reached skill level 1 in Dodging
  1964 | D:2      | Reached XP level 4. HP: 35/40 MP: 3/3
  2173 | D:3      | Noticed Grinder
  2178 | D:3      | Paralysed by Grinder for 4 turns
  2192 | D:3      | Killed Grinder
  2193 | D:3      | Reached skill level 4 in Fighting
  2193 | D:3      | Reached XP level 5. HP: 45/46 MP: 4/4
  2193 | D:3      | Reached XP level 6. HP: 51/52 MP: 5/5
  2435 | D:3      | Found an ancient bone altar of Kikubaaqudgha.
  2579 | D:3      | Noticed Jessica
  2592 | D:3      | Killed Jessica
  2949 | D:3      | Identified the +3 quarterstaff "Ziafaf" {flame, rElec rC++
                  | rCorr Str-2}
  3245 | D:4      | Found a staircase to the Ecumenical Temple.
  3258 | Temple   | Entered the Ecumenical Temple
  3364 | Temple   | Became a worshipper of Makhleb the Destroyer
  3501 | D:4      | Reached skill level 1 in Invocations
  3695 | D:4      | Reached XP level 7. HP: 26/60 MP: 5/7
  3882 | D:4      | Reached * piety under Makhleb
  3890 | D:4      | Found an iron altar of Okawaru.
  4197 | D:4      | Reached skill level 5 in Fighting
  4592 | D:5      | Entered Level 5 of the Dungeon
  4612 | D:5      | HP: 3/61 [centaur/arrow (5)]
  4615 | D:4      | HP: 1/61 [something (2)]
  4615 | D:4      | Slain by a sky beast

Illustrated notes

Levels and vault maps discovered:
D:1:      elethiomel_arrival_maze, layout_loops_ring,
          hellmonk_ecumenical_altar_blasted
D:2:      minmay_angry_zag, layout_loops_ring
D:3:      layout_loops_corners, nicolae_overflow_hidden_temple,
          kennysheep_potato, uniq_grinder, uniq_jessica
D:4:      kennysheep_kobold_camp, layout_cave_pools, mainiacjoe_overflow_paths,
          minmay_temple_entry_large_hall, serial_park, serial_park_tiny_pond,
          serial_park_tiny_1, serial_park_tiny_2, serial_park_tiny_pond
D:5:      layout_basic
Temple:   pf_slimified_temple

Skill      XL: |  1  2  3  4  5  6  7 |
---------------+----------------------+-----
Shields        | 3 4 |  4.3
Maces & Flails | 2 3 |  3.5
Armour         | 3 4 |  4.1
Dodging        | 1 2 |  2.8
Fighting       | 4 5 |  5.1
Invocations    | 1 3 |  3.4

Action                   |  1- 3 |  4- 6 |  7- 9 || total
-------------------------+-------+-------+-------++-------
Melee: Flail             |   125 |    75 |       ||   200
       Quarterstaff      |       |    64 |    78 ||   142
Throw: Boomerang         |     5 |       |       ||     5
  Use: Potion            |       |     1 |     1 ||     2
Armor: Scale mail        |    76 |    93 |    47 ||   216
Dodge: Dodged            |    73 |    95 |    59 ||   227
Block: Buckler           |    25 |    16 |       ||    41

Table legend: (Time is in decaauts)
 A = Elapsed time spent in this place.
 B = Non-inter-level travel time spent in this place.
 C = Inter-level travel time spent in this place.
 D = Time resting spent in this place.
 E = Time spent auto-exploring this place.
 F = Levels seen in this place.
 G = Mean time per level.
                   A        B        C        D        E       F      G
               +--------+--------+--------+--------+--------+-----+--------+
         Total |   4712 |   4387 |    325 |    207 |   3348 |   6 |  785.3 |
       Dungeon |   4600 |   4275 |    325 |    207 |   3270 |   5 |  920.0 |
        Temple |    111 |    111 |      0 |      0 |     78 |   1 |  111.0 |
               +--------+--------+--------+--------+--------+-----+--------+

Top non-repeatable levels by time:
     D:4: 1269 daAuts
     D:2: 1208 daAuts
     D:3: 1126 daAuts
     D:1: 974 daAuts
  Temple: 111 daAuts
     D:5: 21 daAuts
